AoeStats
← megarando

Golden Pit

510110594Analyzed
1v1 RM · 4d ago on Sep 29, 2026· 50m 21s· 2 players
Game mode
Random Map
Map size
Tiny (2 player)
Population
200
Speed
Normal
Resources
Standard
Victory
Conquest
Starting age
Dark Age
Ending age
Imperial Age
RankedLock teamsTeams togetherTeam positionsShared explorationLock speedFull tech treeHidden civsTurbo modeCheats
Victory
Defeat
🇨🇳 Saracens · China
991
+16
🇺🇸 Hindustanis · United States
983
-16
megarando
7:56 Loom
10:06 Feudal Age
11:24 Double-Bit Axe
11:30 Horse Collar
23:51 Castle Age
23:21 Fletching
23:54 Stone Mining
24:49 Bow Saw
26:23 Guard Tower
27:49 Murder Holes
29:52 Bodkin Arrow
31:40 Heavy Plow
33:30 Stone Shaft Mining
34:44 Padded Archer Armor
34:45 Gold Mining
36:14 Elite Skirmisher
38:12 Wheelbarrow
37:23 Town Watch
38:21 Masonry
40:56 Hand Cart
40:42 Town Patrol
41:20 Gold Shaft Mining
40:56 Pikeman
45:43 Imperial Age
43:58 Thumb Ring
45:13 Scale Barding Armor
45:24 Leather Archer Armor
46:42 Bloodlines
46:33 Husbandry
47:40 Two-Man Saw
48:23 Chemistry
47:33 Heavy Camel Rider
48:34 Chain Barding Armor
T - T
7:03 Loom
10:27 Feudal Age
21:58 Castle Age
20:35 Double-Bit Axe
23:14 Bow Saw
22:50 Horse Collar
24:45 Fletching
28:23 Bodkin Arrow
34:47 Imperial Age
32:42 Town Watch
33:32 Thumb Ring
34:25 Wheelbarrow
34:43 Husbandry
34:40 Gold Mining
37:50 Padded Archer Armor
39:04 Two-Man Saw
38:40 Conscription
40:07 Heavy Plow
40:24 Bloodlines
41:11 Forging
41:07 Scale Barding Armor
42:21 Heavy Cavalry Archer
45:11 Iron Casting
44:57 Chain Barding Armor
44:04 Light Cavalry
45:31 Hussar
47:59 Blast Furnace
49:08 Chemistry
48:29 Ballistics
49:36 Parthian Tactics
Connection lost

Rejoining the realm…

Still unreachable

The connection could not be restored.

Session expired

The server has moved on; the page needs a fresh start.